 Dungeon Crawl Stone Soup version 0.20.0-15-g7f486f2 (webtiles) character file.

111 KleinerIrrer the Shield-Bearer (level 4, -7/29 HPs)
             Began as a Gargoyle Fighter on June 27, 2017.
             Killed by divine providence
             ... invoked by an orc priest
              (10 damage)
             ... on level 3 of the Dungeon.
             The game lasted 00:04:57 (1658 turns).

KleinerIrrer the Shield-Bearer (Gargoyle Fighter)   Turns: 1658, Time: 00:04:58

Health: -7/29      AC: 14    Str: 25    XL:     4   Next: 92%
Magic:  4/4        EV:  8    Int:  9    God:
Gold:   110        SH: 10    Dex: 14    Spells: 3/3 levels left

rFire    . . .     SeeInvis .   a - +0 flail
rCold    + . .     Gourm    .   c - +0 shield
rNeg     + . .     Faith    .   b - +0 scale mail
rPois    ∞         Spirit   .   m - +2 helmet
rElec    +         Reflect  .   (no cloak)
rCorr    .         Harm     .   o - +0 pair of gloves
MR       .....                  (no boots)
Stlth    ..........             j - amulet of regeneration
Regen    0.5/turn               r - ring of protection from cold
MPRegen  0.1/turn               y - +5 ring of dexterity

@: mighty
A: negative energy resistance 1, electricity resistance, unbreathing,
petrification resistance, rot immunity, AC +3
a: no special abilities


You were on level 3 of the Dungeon.
You were not hungry.

You visited 1 branch of the dungeon, and saw 3 of its levels.

You collected 110 gold pieces.

Inventory:

Hand Weapons
 a - a +0 flail (weapon)
Armour
 b - a +0 scale mail (worn)
 c - a +0 shield (worn)
 m - a +2 helmet (worn)
 o - a +0 pair of gloves (worn)
Jewellery
 i - an uncursed ring of ice
 j - an amulet of regeneration (around neck)
 r - a ring of protection from cold (left hand)
 y - a +5 ring of dexterity (right hand)
Scrolls
 e - a scroll of fog {unknown}
 g - 3 scrolls of identify {unknown}
 k - 3 scrolls of enchant weapon {unknown}
 n - 2 scrolls of enchant armour {unknown}
 q - 5 scrolls of remove curse {unknown}
 u - a scroll of noise {unknown}
 w - a scroll of amnesia {unknown}
 x - 2 scrolls of immolation {unknown}
 z - a scroll of recharging {unknown}
Potions
 d - a potion of might
 h - a potion of mutation {unknown}
 p - a potion of heal wounds {unknown}
 A - 2 potions of curing {unknown}
Comestibles
 f - 4 bread rations
 l - 2 chunks of flesh
 s - a royal jelly
 t - 2 fruits
 v - a meat ration


   Skills:
 + Level 4.0 Fighting
 * Level 3.3 Maces & Flails
 + Level 3.7 Armour
 + Level 0.4 Dodging
 - Level 0.2 Stealth
 + Level 4.1 Shields


You had 3 spell levels left.
You didn't know any spells.

Dungeon Overview and Level Annotations

Branches:
Dungeon (3/15)

Altars:
Elyvilon
Yredelemnul


Innate Abilities, Weirdness & Mutations

You are resistant to torment.
Your stone body is resilient. (AC +3)
You are immune to poison.
You resist negative energy. (rN+)
You are resistant to electric shocks. (rElec)
You can survive without breathing.
You are immune to petrification.
You are immune to rotting.


Message History

You are too injured to fight recklessly!
You are too injured to fight recklessly!
You are too injured to fight recklessly!
You are too injured to fight recklessly!
You are too injured to fight recklessly!
You are too injured to fight recklessly!
You are too injured to fight recklessly!
You are too injured to fight recklessly!
You are too injured to fight recklessly!
You are too injured to fight recklessly!
You are too injured to fight recklessly!
You are too injured to fight recklessly!
You completely miss the gnoll.
The gnoll is severely wounded.
The gnoll barely misses you. The gnoll hits you with a halberd!
* * * LOW HITPOINT WARNING * * *
You feel very mighty all of a sudden.
The orc priest calls down the wrath of Beogh upon you.
Beogh smites you!
You die... ############### #<....)@gooo... ###############

You could see an orc priest, a gnoll and 2 orcs.

Vanquished Creatures
  3 gnolls (D:3)
  3 adders (D:2)
  A worm (D:2)
  3 leopard geckos (D:1)
  2 giant cockroaches
  7 goblins
  3 hobgoblins (D:2)
  3 jackals (D:2)
  8 bats
  5 frilled lizards
  6 kobolds
  7 rats
51 creatures vanquished.

Notes
Turn   | Place    | Note
-------+----------+-------------------------------------------
     0 | D:1      | KleinerIrrer the Gargoyle Fighter began the quest for the Orb.
     0 | D:1      | Reached XP level 1. HP: 14/14 MP: 1/1
   151 | D:1      | Reached XP level 2. HP: 14/19 MP: 2/2
   740 | D:2      | Reached XP level 3. HP: 24/24 MP: 3/3
   814 | D:2      | Found a faded altar of an unknown god.
  1023 | D:2      | Reached XP level 4. HP: 28/29 MP: 4/4
  1261 | D:2      | Found a basalt altar of Yredelemnul.
  1315 | D:2      | Found a white marble altar of Elyvilon.
  1658 | D:3      | Killed from afar by an orc priest

Skill      XL: |  1  2  3  4 |
---------------+-------------+-----
Fighting       | 4 |  4.0
Maces & Flails | 3 |  3.3
Shields        | 4 |  4.1
Armour         | |  3.7
Dodging        | |  0.4
Stealth        | |  0.2

Action                   |  1- 3 |  4- 6 || total
-------------------------+-------+-------++-------
Melee: Flail             |   161 |    62 ||   223
  Use: Potion            |       |     1 ||     1
  Eat: Chunk             |     1 |     2 ||     3
Armor: Scale mail        |   127 |    23 ||   150
Dodge: Dodged            |    63 |    25 ||    88
Block: Shield            |   102 |    31 ||   133
